 Dungeon Crawl Stone Soup version 0.30.1-11-g7821555f0a (webtiles) character file.

Game seed: 8609312661552171528

8532 woodworker the Frost Mage (level 11, -4/82 HPs)
             Began as a Naga Ice Elementalist on Dec 2, 2023.
             Was the Champion of Cheibriados.
             Slain by a sixfirhy (10 damage)
             ... on level 11 of the Dungeon.
             The game lasted 01:00:01 (11240 turns).

woodworker the Frost Mage (Naga Ice Elementalist)  Turns: 11240, Time: 01:00:03

Health: -4/82      AC: -10   Str: 24    XL:     11   Next: 32%
Magic:  12/29      EV: 10    Int: 34    God:    Cheibriados [******]
Gold:   452        SH:  0    Dex: 27    Spells: 8/22 levels left

rFire   + . .        x - +8 Vampire's Tooth {megavamp}
rCold   + . .        (no shield)
rNeg    . . .        c - +0 troll leather armour
rPois   +            H - +0 helmet
rElec   .            J - scarf {rC+ rF+}
rCorr   .            M - +1 pair of gloves
SInv    +            (no barding)
Will    ++...        s - amulet of the acrobat
Stlth   ++++         p - ring of willpower
HPRegen 1.13/turn    B - ring of magical power
MPRegen 0.21/turn

%: acrobat
@: ice-armoured, about to teleport, corroded, very slow
A: AC +3, large, see invisible, deformed body, poison resistance, slowness 2,
spit poison 1, naga tail 1, weak 1
a: Spit Poison, Renounce Religion, Bend Time, Temporal Distortion, Slouch, Step
From Time


You were on level 11 of the Dungeon.
You worshipped Cheibriados.
Cheibriados was exalted by your worship.
You visited 2 branches of the dungeon, and saw 12 of its levels.
You also visited: Sewer and Bailey.

You collected 800 gold pieces.
You spent 348 gold pieces at shops.

Inventory:

Hand Weapons
 x - the +8 Vampire's Tooth (weapon) {megavamp}
   (You found it on level 5 of the Dungeon)
Armour
 c - a +0 troll leather armour (worn)
 H - a +0 helmet (worn)
 J - a scarf of resistance (worn)
 M - a +1 pair of gloves (worn)
Jewellery
 p - a ring of willpower (left hand)
 r - an amulet of magic regeneration
 s - an amulet of the acrobat (around neck)
 t - a ring of ice
 y - a ring of flight
 B - a ring of magical power (right hand)
 N - a +5 ring of evasion
 O - a ring of magical power
Wands
 u - a wand of flame (11)
 D - a wand of iceblast (10)
 G - a wand of digging (5)
 I - a wand of paralysis (2)
Scrolls
 a - a scroll of vulnerability {unknown}
 d - a scroll of enchant armour
 e - 2 scrolls of torment
 g - 3 scrolls of blinking
 h - 5 scrolls of teleportation
 j - a scroll of magic mapping {unknown}
 q - 4 scrolls of noise
 w - 3 scrolls of fog {unknown}
 z - a scroll of enchant weapon {unknown}
 F - a scroll of immolation {unknown}
 K - 3 scrolls of amnesia {unknown}
 P - a scroll of fear {unknown}
Potions
 b - a potion of magic
 f - 3 potions of attraction
 i - 5 potions of flight
 k - 9 potions of curing
 l - 2 potions of cancellation
 m - 6 potions of mutation
 n - a potion of invisibility {unknown}
 o - a potion of heal wounds
 v - 4 potions of brilliance
 A - a potion of degeneration
 C - 3 potions of might
 E - a potion of ambrosia


   Skills:
 - Level 0.7 Fighting
 - Level 8.0 Short Blades
 - Level 1.5 Dodging
 - Level 6.2 Stealth
 - Level 6.0 Spellcasting
 - Level 12.0 Ice Magic
 + Level 6.9 Poison Magic
 + Level 5.6 Invocations


You had 8 spell levels left.
You knew the following spells:

 Your Spells              Type           Power      Damage    Failure   Level
a - Freeze                Ice            100%       1d10      1%          1
b - Frozen Ramparts       Ice            100%       1d16      1%          3
c - Ozocubu's Armour      Ice            75%        N/A       1%          3
d - Summon Ice Beast      Ice/Summ       50%        N/A       3%          4
e - Mephitic Cloud        Conj/Pois/Air  25%        N/A       5%          3

Your spell library contained the following spells:

 Spells                   Type           Power      Damage    Failure   Level
 Magic Dart               Conj           40%        1d5       4%          1
 Call Imp                 Summ           20%        N/A       7%          2
 Portal Projectile        Hex/Tloc       20%        N/A       14%         3
 Tukima's Dance           Hex            10%        N/A       14%         3
 Blade Hands              Tmut           5%         N/A       77%         5


Dungeon Overview and Level Annotations

Branches:
Dungeon (11/15)            Temple (1/1) D:4            Lair (0/5) D:9
  Sewer (visited)          Bailey (visited)
    Orc: D:9-12

Altars:
Ashenzari
Cheibriados
Dithmenos
Elyvilon
Fedhas
Gozag
Hepliaklqana
Kikubaaqudgha
Makhleb
Nemelex Xobeh
Okawaru
Qazlal
Ru
Sif Muna
Trog
Uskayaw
Vehumet
Wu Jian
Xom
Yredelemnul
Zin
The Shining One

Shops:
D:3 *[?*   D:9 !


Innate Abilities, Weirdness & Mutations

Your serpentine skin is tough. (AC +3)
You have supernaturally acute eyesight. (SInv)
Armour fits poorly on your strangely shaped body.
Your system is resistant to poisons. (rPois)
You cover ground very slowly.
You can spit poison.
You have a snake-like lower body.
You are weak. (Str -2)


Message History

You freeze the ufetubus.
The ufetubus resists.
You kill the ufetubus!
The ufetubus disappears in a puff of smoke! x2
The rust devil resists.
The wall freezes the rust devil.
The wall freezes the rust devil but does no damage.
The ynoxinul gestures.
Casting: Freeze (safe; 1% risk of failure)
Confirm with . or Enter, or press ? or * to list all spells.
Aiming: Mephitic Cloud (dangerous; 5% risk of failure)
Press: ? - help, Shift-Dir - straight line, f - ufetubus
Aim: an ufetubus (summoned, chance to affect: 96%)
The ball explodes into a vile cloud!
The stinking cloud engulfs the rust devil but does no damage.
The rust devil is almost dead.
The stinking cloud engulfs you but does no damage.
The stinking cloud engulfs the ufetubus but does no damage.
Your surroundings suddenly seem different.
The frozen ramparts melt away as you move.
Found a ring mail.
A sixfirhy comes into view.
Casting: Mephitic Cloud (dangerous; 5% risk of failure)
Confirm with . or Enter, or press ? or * to list all spells.
A film of ice covers your body!
You hit the sixfirhy but do no damage. You freeze the sixfirhy.
The sixfirhy is lightly wounded.
The ufetubus closely misses you. The ufetubus hits you. x3
You freeze the sixfirhy.
The sixfirhy is moderately wounded.
The sixfirhy hits you! The sixfirhy shocks you!
The sixfirhy barely misses you. x2
The ufetubus hits you. x2; The sixfirhy closely misses you.
You are too injured to fight recklessly!
Okay, then.
As you read the scroll of teleportation, it crumbles to dust.
You feel strangely unstable. The sixfirhy hits you. The sixfirhy shocks you!
* * * LOW HITPOINT WARNING * * *
The sixfirhy hits you!
* * * LOW HITPOINT WARNING * * *
The sixfirhy shocks you!
You die...

#.####....#......##
# #..#§####....#
.....#§####5§...#
#####.#.45435....#
#'######55...#
##...## .....#
##.....## .....#
##....[..## #...##
#.@5......#
+..3......'
#...§♣§♣..#
##..§§... #
##.§§..## ##....#
#+###


You could see a sixfirhy and an ufetubus (summoned).

Vanquished Creatures
  A two-headed ogre (D:11)
  An unseen horror (D:11)
  4 trolls
  A shadow (D:10)
  2 wyverns (D:8)
  10 yaks
  A wraith (D:10)
  2 vampire mosquitoes (D:11)
  A neqoxec (D:11)
  3 acid dragons
  A black bear (D:5)
  6 orc warriors
  4 ice beasts (D:6)
  A sky beast (D:7)
  2 ogres
  4 wolves (D:9)
  5 centaurs
  A kobold brigand (D:8)
  3 bullfrogs
  6 scorpions
  6 wights
  3 howler monkeys
  3 quasits (D:11)
  7 hounds
  5 jellies
  2 orc priests
  A sleepcap (D:5)
  2 iguanas
  3 orc wizards
  A sickly merfolk siren (Sewer)
  A malarious merfolk avatar (Sewer)
  4 gnolls (D:5)
  3 river rats
  12 adders
  A shadow imp (D:6)
  A white imp (D:6)
  An ufetubus (D:5)
  3 worms
  4 dart slugs
  19 orcs
  17 ball pythons
  12 endoplasms
  5 giant cockroaches
  8 hobgoblins
  2 jackals (D:2)
  5 quokkas
  6 bats
  6 frilled lizards
  11 goblins
  25 kobolds
  22 rats
260 creatures vanquished.

Notes
Turn   | Place    | Note
-------+----------+-------------------------------------------
     0 | D:1      | woodworker the Naga Ice Elementalist began the quest for
                  | the Orb.
     0 | D:1      | Reached XP level 1. HP: 15/15 MP: 3/3
   252 | D:1      | Reached XP level 2. HP: 22/22 MP: 0/5
  1033 | D:2      | Reached XP level 3. HP: 26/28 MP: 2/6
  1269 | D:2      | Learned a level 3 spell: Frozen Ramparts
  2046 | D:3      | Found Fupn's Magic Scroll Emporium.
  2127 | D:3      | Bought 3 scrolls of identify for 84 gold pieces
  2144 | D:3      | Noticed an ogre
  2145 | D:3      | Noticed a black bear
  2172 | D:3      | Found Cylyr's General Store.
  2269 | D:3      | Reached XP level 4. HP: 35/35 MP: 5/8
  2528 | D:3      | Found Reetaune's Armour Emporium.
  2552 | D:3      | Reached skill level 5 in Ice Magic
  2681 | D:3      | Found Neoz's General Store.
  2907 | D:4      | Noticed an ogre
  2921 | D:3      | Learned a level 3 spell: Ozocubu's Armour
  2956 | D:4      | Found a staircase to the Ecumenical Temple.
  3003 | Temple   | Entered the Ecumenical Temple
  3209 | Temple   | Became a worshipper of Cheibriados the Contemplative
  3302 | D:4      | Reached XP level 5. HP: 39/43 MP: 1/10
  3505 | D:4      | Reached * piety under Cheibriados
  3516 | D:4      | Found an iron altar of Okawaru.
  3638 | D:4      | Killed an ogre
  3639 | D:4      | Reached XP level 6. HP: 14/50 MP: 1/12
  3779 | D:4      | Reached skill level 6 in Ice Magic
  3779 | D:4      | Reached XP level 7. HP: 39/56 MP: 6/14
  4225 | D:5      | Entered Level 5 of the Dungeon
  4264 | D:5      | Reached skill level 5 in Spellcasting
  4449 | D:5      | Found the +8 Vampire's Tooth {megavamp}
  4531 | D:5      | Reached ** piety under Cheibriados
  4744 | D:5      | Reached skill level 1 in Short Blades
  5121 | D:5      | Found a sacrificial altar of Ru.
  5123 | D:5      | Found a white marble altar of Elyvilon.
  5529 | D:6      | Reached skill level 7 in Ice Magic
  5569 | D:6      | Reached XP level 8. HP: 63/63 MP: 16/16
  5733 | D:6      | Found a glowing drain.
  5753 | Sewer    | Entered a sewer
  5870 | Sewer    | Reached *** piety under Cheibriados
  6491 | D:6      | Reached skill level 5 in Stealth
  6574 | D:6      | Reached **** piety under Cheibriados
  6775 | D:6      | Learned a level 4 spell: Summon Ice Beast
  6811 | D:6      | Reached skill level 8 in Ice Magic
  6997 | D:3      | Bought a potion of curing for 33 gold pieces
  6997 | D:3      | Bought a potion of curing for 33 gold pieces
  6997 | D:3      | Bought a book of Minor Magic for 198 gold pieces
  7001 | D:3      | Learned a level 3 spell: Mephitic Cloud
  7082 | D:7      | Reached XP level 9. HP: 69/69 MP: 18/18
  7555 | D:7      | Reached skill level 5 in Short Blades
  7587 | D:7      | Found a bloodstained altar of Trog.
  7587 | D:7      | Found a shimmering altar of Xom.
  7591 | D:7      | Found a hide-covered altar of Uskayaw.
  8163 | D:8      | Reached skill level 9 in Ice Magic
  8292 | D:8      | Found a flagged portal.
  8299 | D:8      | Reached ***** piety under Cheibriados
  8307 | Bailey   | Entered a bailey
  8354 | Bailey   | Noticed an orc warlord
  8456 | Bailey   | Found a runed translucent gate.
  8457 | Bailey   | Found a runed translucent gate.
  8458 | Bailey   | Found a runed translucent gate.
  8600 | D:8      | Found a shimmering blue altar of Sif Muna.
  9038 | D:9      | Noticed a troll
  9050 | D:8      | Reached skill level 10 in Ice Magic
  9050 | D:8      | Reached XP level 10. HP: 33/76 MP: 19/19
  9357 | D:9      | Found Lasyxzoc's Distillery.
  9403 | D:9      | Noticed a six-headed hydra
  9631 | D:9      | Found a staircase to the Lair.
  9746 | D:9      | Reached skill level 11 in Ice Magic
 10062 | D:9      | Reached skill level 1 in Poison Magic
 10120 | D:10     | Entered Level 10 of the Dungeon
 10122 | D:10     | Found an opulent altar of Gozag.
 10144 | D:10     | Found an ornate altar of the Wu Jian Council.
 10187 | D:10     | Reached skill level 1 in Invocations
 10313 | D:10     | Found a basalt altar of Yredelemnul.
 10313 | D:10     | Found a broken altar of Ashenzari.
 10532 | D:11     | Reached skill level 12 in Ice Magic
 10720 | D:11     | Reached XP level 11. HP: 70/82 MP: 20/20
 10732 | D:11     | Reached skill level 5 in Poison Magic
 10817 | D:11     | Reached ****** piety under Cheibriados
 10823 | D:11     | Gained mutation: You are weak. (Str -2) [a neqoxec]
 10991 | D:11     | Noticed a two-headed ogre
 10999 | D:11     | Killed a two-headed ogre
 11000 | D:11     | Reached skill level 5 in Invocations
 11235 | D:11     | Noticed a sixfirhy
 11240 | D:11     | Slain by a sixfirhy

Illustrated notes

Levels and vault maps discovered:
D:1:      psy_arrival_fountain, layout_basic
D:2:      layout_rooms, roderic_serpentine_path, serial_park_tiny_2
D:3:      layout_basic, serial_shops, shop, shop, shop, shop,
          lightli_corner_chamber
D:4:      layout_basic, kennysheep_okawaru_gauntlet,
          minmay_temple_entry_overgrown, minmay_vboxes
D:5:      layout_layer_cave, nicolae_overflow_hidden_temple
D:6:      layout_basic, portal_sewer_entry_a
D:7:      layout_loops_cross, grunt_temple_overflow_open,
          kennysheep_big_empty_room
D:8:      layout_gridville, kennysheep_mini_moat, enter_bailey_5, hex_tiny
D:9:      layout_long_grid, erik_lair_island, orc_0_dummy, serial_shops,
          nicolae_shop_crystal
D:10:     layout_rooms, mainiacjoe_overflow_tiny_flanked,
          mainiacjoe_overflow_alcove_2,
          chequers_temple_overflow_statue_of_worship
D:11:     layout_loops_corners, serial_demonic, serial_demonic_b,
          serial_demonic_a, serial_demonic_e, serial_demonic_a,
          nicolae_nh_vlads_tower
Temple:   bh_familiar_temple

Skill      XL: |  1  2  3  4  5  6  7  8  9 10 11 |
---------------+----------------------------------+-----
Ice Magic      | 5 6 7 8 10 12 | 12.0
Spellcasting   | 3 4 5 6 |  6.0
Short Blades   | 2 4 7 8 |  8.0
Stealth        | 6 |  6.2
Poison Magic   | 4 6 |  6.9
Invocations    | 3 5 |  5.6
Fighting       | |  0.7
Dodging        | |  1.5

Action                     |  1- 3 |  4- 6 |  7- 9 | 10-12 || total
---------------------------+-------+-------+-------+-------++-------
  Melee: Unarmed           |     7 |       |       |       ||     7
         Staff             |     3 |       |       |       ||     3
         Short sword       |       |     2 |       |       ||     2
         Quick blade       |       |       |   242 |   217 ||   459
         Punch             |       |       |       |     3 ||     3
   Cast: Freeze            |    64 |    47 |    42 |    12 ||   165
         Frozen Ramparts   |     2 |     5 |    21 |    14 ||    42
         Ozocubu's Armour  |       |     3 |    12 |    11 ||    26
         Mephitic Cloud    |       |       |       |     1 ||     1
         Summon Ice Beast  |       |       |       |     1 ||     1
Ability: Spit Poison       |     8 |     7 |     8 |     8 ||    31
    Use: Scroll            |       |     9 |     5 |     6 ||    20
         Potion            |       |       |     3 |     1 ||     4
   Stab: Sleeping          |       |       |     7 |     4 ||    11
 Armour: Robe              |    19 |    17 |    56 |     4 ||    96
         Troll leather arm |       |       |       |    28 ||    28
  Dodge: Dodged            |    38 |    53 |   159 |   119 ||   369
